 Dungeon Crawl Stone Soup version 0.20-a0-772-g73021bd (webtiles) character file.

45 polly the Slasher (level 3, -1/28 HPs)
             Began as a Demonspawn Gladiator on Feb 26, 2017.
             Slain by Crazy Yiuf
             ... wielding a +4 quarterstaff of chaos
              (5 damage)
             ... on level 2 of the Dungeon.
             The game lasted 00:00:57 (1039 turns).

polly the Slasher (Demonspawn Gladiator)            Turns: 1039, Time: 00:00:58

Health: -1/28      AC:  3    Str: 15    XL:     3   Next: 42%
Magic:  3/3        EV: 12    Int:  9    God:
Gold:   70         SH:  0    Dex: 14    Spells: 2/2 levels left

rFire    . . .     SeeInvis .   a - +0 long sword
rCold    . . .     Gourm    .   b - +0 leather armour
rNeg     . . .     Faith    .   (no shield)
rPois    .         Spirit   .   (helmet restricted)
rElec    .         Reflect  .   (no cloak)
rCorr    .         Harm     .   (no gloves)
MR       .....                  (no boots)
Stlth    +.........             (no amulet)
Regen    0.1/turn               (no ring)
MPRegen  0.1/turn               (no ring)

@: drained
A: horns 1
a: no special abilities


You were on level 2 of the Dungeon.
You were hungry.

You visited 1 branch of the dungeon, and saw 2 of its levels.

You collected 70 gold pieces.

Inventory:

Hand Weapons
 a - a +0 long sword (weapon)
Missiles
 d - 2 throwing nets (quivered)
Armour
 b - a +0 leather armour (worn)
 c - a +0 helmet
Scrolls
 e - a scroll of fear {unknown}
 j - 7 scrolls of identify {unknown}
 k - a scroll of remove curse {unknown}
 m - a scroll of recharging {unknown}
 p - 2 scrolls of immolation {unknown}
Potions
 g - a potion of might {unknown}
 h - a potion of heal wounds {unknown}
 i - 2 potions of curing {unknown}
 n - 2 potions of lignification {unknown}
 o - a potion of brilliance {unknown}
 q - 2 potions of degeneration {unknown}
 r - a potion of agility {unknown}
Comestibles
 f - 3 bread rations
 l - a royal jelly
 s - a meat ration


   Skills:
 + Level 2.4(2.0) Fighting
 + Level 3.4(3.1) Long Blades
 + Level 2.0(1.6) Throwing
 + Level 0.1(0.0) Armour
 + Level 2.9(2.5) Dodging
 + Level 0.2(0.0) Stealth


You had 2 spell levels left.
You didn't know any spells.

Dungeon Overview and Level Annotations

Branches:
Dungeon (2/15)

Altars:

Annotations:
D:2 Crazy Yiuf


Innate Abilities, Weirdness & Mutations

You have a pair of small horns on your head.


Message History

Crazy Yiuf shouts!
Found a glowing mace.
There is an open door here.
Crazy Yiuf hits you with a quarterstaff of chaos!
Crazy Yiuf freezes you.
You slash Crazy Yiuf!
Crazy Yiuf is heavily wounded.
Crazy Yiuf hits you with a quarterstaff of chaos!
Ouch! That really hurt!
* * * LOW HITPOINT WARNING * * *
You feel drained.
* * * LOW HITPOINT WARNING * * *
Throwing (i - inventory):
d - 3 throwing nets (quivered)
Press: ? - help, Shift-Dir - straight line, f - Crazy Yiuf
Aim: Crazy Yiuf, wielding a quarterstaff of chaos and wearing a cloak (heavily wounded)
You throw a throwing net.
The throwing net closely misses Crazy Yiuf.
Crazy Yiuf cries, "Dawk koolooloo stair!"
Crazy Yiuf hits you with a quarterstaff of chaos.
You die...

♣....♣ #.#
♣♣...♣ #..
♣♣.♣♣ ##.
♣♣.♣ #.
♣.♣♣
######.
♣♣.♣
##......
♣.♣♣
#..#####
##'##
#####.##
#.@.#
#.....#
#.g.#
#.#####
#)(.#
#....###
#####
####...###
###...###
####...#
#.......
#.......
#.......


You could see Crazy Yiuf.

Vanquished Creatures
  An ooze (D:1)
  A leopard gecko (D:1)
  4 bats
  6 giant cockroaches
  3 goblins
  5 hobgoblins
  3 jackals (D:2)
  A quokka (D:2)
  A ball python (D:1)
  3 frilled lizards
  3 kobolds (D:2)
  4 rats
35 creatures vanquished.

Notes
Turn   | Place    | Note
-------+----------+-------------------------------------------
     0 | D:1      | polly the Demonspawn Gladiator began the quest for the Orb.
     0 | D:1      | Reached XP level 1. HP: 16/16 MP: 1/1
   221 | D:1      | Gained mutation: You have a pair of small horns on your head. [demonic ancestry]
   221 | D:1      | Reached XP level 2. HP: 22/22 MP: 2/2
   290 | D:1      | Reached skill level 3 in Long Blades
   610 | D:2      | Reached XP level 3. HP: 26/28 MP: 3/3
   757 | D:2      | Found a runed door.
  1035 | D:2      | Noticed Crazy Yiuf
  1039 | D:2      | Slain by Crazy Yiuf

Vault maps used:
D:1:      dpeg_arrival_short_road, minmay_pentomino_z4
D:2:      lemuel_upstairs_altar, uniq_natasha, uniq_crazy_yiuf_cottage

Skill      XL: |  1  2 |
---------------+-------+-----
Long Blades    | 3 |  3.4
Throwing       | 2 |  2.0
Fighting       | |  2.4
Armour         | |  0.1
Dodging        | |  2.9
Stealth        | |  0.2

Action                   || total
-------------------------++-------
Melee: Long sword        ||    71
       Headbutt          ||     5
Throw: Throwing net      ||     1
 Stab: Sleeping          ||     1
Armor: Leather armour    ||    30
Dodge: Dodged            ||    52
       Rpst.: Long sword ||    18
